cohdb
Replays
Latest Replays
All Replays
Popular Replays
Top Player Replays
Match Explorer
How It Works
Community
CoH3 Stats
Reddit
Sign in to upload your games and track your stats! →
Sign in with Steam
Match 41720302
Unlisted
Match 41720302
Overview
Messages
Build Orders
End
Selects Armored Battlegroup
Engineer Squad
Selects Assault Engineers
Assault Engineer Squad
Assault Engineer Squad
Construct Weapon Support Center
M1919 Machine Gun Team
M1919 Machine Gun Team
Mechanized Support Center
Selects Fast Deploy
Construct Medical Station
M3 Armored Personnel Carrier
Assault Engineer Squad
Construct Tank Depot
M1919 Machine Gun Team
Selects Seek and Destroy
Selects UNKNOWN (2160077)
M4A3E8 Sherman Easy Eight
Improvised Armor
M4A3E8 Sherman Easy Eight
Assault Engineer Squad
Selects Field Repairs
Field Repairs
Selects War Machine
M4(105) Sherman Bulldozer
Designate Forward Repair Station
Construct Barracks
Field Repairs
Salvage Crew
Seek and Destroy
Kitsuné
Dumais
Dunkerque
NEP_wilson_NEP
0
0
Comments
sign in to comment!
No comments posted yet!